 Dungeon Crawl Stone Soup version 0.22.1-5-g62c59d9 (webtiles) character file.

19241 darkdagon605 the Covert (level 12, -5/60 HPs)
             Began as a Spriggan Enchanter on Jan 13, 2019.
             Was a Priest of Dithmenos.
             Slain by a death yak (21 damage)
             ... on level 2 of the Lair of Beasts.
             The game lasted 01:31:27 (16070 turns).

darkdagon605 the Covert (Spriggan Enchanter)       Turns: 16070, Time: 01:31:28

Health: -5/60      AC:  5    Str:  4    XL:     12   Next: 34%
Magic:  22/27      EV: 32    Int: 16    God:    Dithmenos [***...]
Gold:   531        SH:  0    Dex: 25    Spells: 26/32 levels left

rFire    . . .     SeeInvis +   t - +2 dagger (vamp)
rCold    + . .     Gourm    .   (shield restricted)
rNeg     . . .     Faith    +   g - +2 robe {rC+}
rPois    +         Spirit   .   (helmet restricted)
rElec    .         Reflect  .   P - +0 cloak {rPois}
rCorr    .         Harm     .   (gloves unavailable)
MR       ++...                  (boots unavailable)
Stlth    +++++++++.             F - amulet of faith
HPRegen  0.20/turn              K - +3 ring of dexterity
MPRegen  0.20/turn              (no ring)

@: wreathed by umbra, very quick
A: very small, unfitting armour, see invisible, herbivore, speed 3, slow
metabolism 2
a: Shadow Step, Renounce Religion


You were on level 2 of the Lair of Beasts.
You worshipped Dithmenos.
Dithmenos was most pleased with you.
You were hungry.

You visited 3 branches of the dungeon, and saw 14 of its levels.

You collected 811 gold pieces.
You spent 280 gold pieces at shops.

Inventory:

Hand Weapons
 t - a +2 vampiric dagger (weapon)
 u - a +2 dagger of flaming
 x - a +0 dagger of freezing
 A - a +0 dagger of draining
 C - a +2 dagger of venom
Missiles
 e - 290 stones (quivered)
Armour
 g - a +2 robe of cold resistance (worn)
 L - a scarf of cloud immunity
 P - a +0 cloak of poison resistance (worn)
Jewellery
 F - an amulet of faith (around neck)
 K - a +3 ring of dexterity (left hand)
Wands
 a - a wand of disintegration (13)
 n - a wand of random effects (23)
 p - a wand of scattershot (7)
 s - a wand of paralysis (57)
 D - a wand of acid (21)
 G - a wand of digging (27)
 H - a wand of polymorph (21)
 I - a wand of flame (78)
Scrolls
 b - a scroll of identify
 i - 7 scrolls of teleportation
 j - 4 scrolls of enchant armour
 o - 5 scrolls of remove curse
 q - a scroll of noise {unknown}
 r - 5 scrolls of enchant weapon
 y - a scroll of fog {unknown}
 z - 5 scrolls of fear {unknown}
 E - 3 scrolls of immolation {unknown}
 J - 2 scrolls of magic mapping
Potions
 c - 4 potions of haste
 d - 3 potions of flight
 f - a potion of might {unknown}
 k - 4 potions of curing
 l - 4 potions of agility
 m - 3 potions of cancellation {unknown}
 v - 4 potions of heal wounds {unknown}
 N - a potion of lignification {unknown}
Comestibles
 h - 17 rations


   Skills:
 + Level 5.5 Fighting
 - Level 10.0 Short Blades
 + Level 12.2 Dodging
 + Level 13.4 Stealth
 + Level 10.8 Spellcasting
 + Level 10.8 Hexes
 - Level 1.0 Ice Magic


You had 26 spell levels left.
You knew the following spells:

 Your Spells              Type           Power        Failure   Level  Hunger
a - Corona                Hex            #####..      1%          1    None
b - Confuse               Hex            #####...     1%          3    None
c - Ensorcelled Hibernat  Hex/Ice        ####..       1%          2    None

Your spell library contained the following spells:

 Spells                   Type           Power        Failure   Level  Hunger
 Tukima's Dance           Hex            #####...     1%          3    None
 Dazzling Spray           Conj/Hex       ####..       2%          3    None
 Shock                    Conj/Air       #...         9%          1    None
 Swiftness                Chrm/Air       #.......     13%         2    None
 Static Discharge         Conj/Air       #.......     26%         3    None
 Airstrike                Air            #.........   63%         4    ###....
 Lightning Bolt           Conj/Air       #.........   93%         5    #####..


Dungeon Overview and Level Annotations

Branches:
Dungeon (11/15)            Temple (1/1) D:6            Lair (2/6) D:9
 Spider (0/4) Lair:2
  Swamp: Lair:2-4    Shoals: Lair:2-4       Orc: D:9-12

Altars:
Ashenzari
Cheibriados
Dithmenos
Elyvilon
Fedhas
Gozag
Hepliaklqana
Kikubaaqudgha
Makhleb
Nemelex Xobeh
Okawaru
Qazlal
Ru
Sif Muna
Trog
Uskayaw
Vehumet
Wu Jian
Xom
Yredelemnul
Zin
The Shining One
Beogh

Shops:
D:6 *   D:8 [[%(

Annotations:
D:10 Amaterasu's ghost, journeyman DsFi


Innate Abilities, Weirdness & Mutations

You are very small and have problems with some larger weapons.
You are too small for most types of armour.
You have supernaturally acute eyesight. (SInv)
You are a herbivore.
You cover ground extremely quickly.
You need to consume almost no food.


Message History

Confirm with . or Enter, or press ? or * to list all spells.
Aiming: Ensorcelled Hibernation (safe; 1% risk of failure)
Press: ? - help, Shift-Dir - straight line, f/p - death yak
Aim: a death yak (umbra, chance to defeat MR: 4%)
The death yak resists with almost no effort.
The death yak gores you!!
* * * LOW HITPOINT WARNING * * *
Evoke which item? (* to show all) (? for menu, Esc to quit)
Aiming: Corrosive Bolt
Press: ? - help, Shift-Dir - straight line, f/p - death yak
Aim: a death yak (umbra)
The bolt of acid hits the death yak.
The death yak is splashed with acid.
The death yak is lightly wounded.
Evoke which item? (* to show all) (? for menu, Esc to quit)
Aiming: Random Effects
Press: ? - help, Shift-Dir - straight line, f/p - death yak
Aim: a death yak (lightly wounded, umbra)
The death yak resists with almost no effort.
The death yak gores you!!
You die...

....####..#..#.#.....##+.##.....#
..^^#.##.#..........>............
......#.#.......................#
................................#
##........#+P####.....P.#'###...#
..#......#..####......P##..####.#
..##......#.....+.....##.....##.#
..#.......#.....#.....##.....##..
..##......#....Y@.....##|....##..
...#.....##...Y##..<..##.....##.#
..#.......#....##.....##.........
...#.......YY..##............##.P
.P#......###..###......#..#..##.#
.###......#...#.......###..#..#..
................................#
.#####....###.#...P#.P###.#.##.P#
## ###### ########### #########


You could see 4 death yaks.

Vanquished Creatures
  Harold (D:7)
  A centaur warrior (D:9)
  A hydra (Lair:1)
  Erica (Lair:2)
  A death yak (Lair:2)
  Pikel (D:4)
  Maurice (D:9)
  Joseph (Lair:1)
  7 spiny frogs
  3 komodo dragons (Lair:1)
  Prince Ribbit (D:7)
  2 polar bears (D:10)
  3 hippogriffs
  A wyvern (D:9)
  A redback (Lair:2)
  3 hogs (D:10)
  21 yaks
  A hungry ghost (D:6)
  A vampire (D:9)
  A basilisk (Lair:1)
  A human (D:10)
  3 water moccasins (Lair:1)
  6 porcupines
  Duvessa (D:7)
  3 sky beasts
  An ice beast (D:6)
  5 orc warriors
  A necrophage (D:10)
  3 phantoms
  6 ogres
  5 wolves (Lair:2)
  3 centaurs
  5 crocodiles
  A big kobold (D:8)
  A gnoll sergeant (D:9)
  12 bullfrogs
  Dowan (D:7)
  A scorpion (D:10)
  4 killer bees (D:7)
  5 wights (D:7)
  5 crimson imps
  A bullfrog zombie (D:6)
  A jelly (D:5)
  A centaur skeleton (D:6)
  9 orc priests
  4 hounds
  8 orc wizards
  Jessica (D:2)
  6 worker ants
  Ijyb (D:4)
  Terence (D:2)
  An iguana (D:4)
  A killer bee zombie (D:6)
  A hound skeleton (D:7)
  A worker ant zombie (D:8)
  Robin (D:4)
  3 gnolls (D:9)
  15 adders
  A shadow imp (D:9)
  2 adder zombies
  An adder skeleton (D:6)
  A worm (D:3)
  A dart slug (D:2)
  5 leopard geckos
  27 orcs
  A ball python (D:2)
  11 bats
  5 giant cockroaches
  22 goblins
  9 hobgoblins
  17 jackals
  14 kobolds
  4 quokkas
  5 frilled lizards
  A leopard gecko zombie (D:6)
  A quokka skeleton (D:9)
  9 rats
319 creatures vanquished.

Vanquished Creatures (others)
  An adder (D:4)
  An orc (D:4)
  A hobgoblin (D:4)
  A jackal skeleton (D:4)
  A kobold (D:4)
  3 fungi (Lair:2)
  3 plants
11 creatures vanquished.

Grand Total: 330 creatures vanquished

Notes
Turn   | Place    | Note
-------+----------+-------------------------------------------
     0 | D:1      | darkdagon605 the Spriggan Enchanter began the quest for the
                  | Orb.
     0 | D:1      | Reached XP level 1. HP: 9/9 MP: 5/5
   852 | D:1      | Reached XP level 2. HP: 13/13 MP: 6/6
  1208 | D:1      | Found a shattered altar of Ashenzari.
  1364 | D:1      | Reached XP level 3. HP: 9/16 MP: 8/8
  1634 | D:1      | Learned a level 3 spell: Confuse
  1757 | D:1      | Learned a level 2 spell: Ensorcelled Hibernation
  1956 | D:2      | Noticed Jessica
  2186 | D:2      | Reached skill level 5 in Stealth
  2701 | D:2      | Reached XP level 4. HP: 17/21 MP: 4/9
  2909 | D:2      | Noticed Terence
  3435 | D:2      | Killed Jessica
  3516 | D:2      | Killed Terence
  3516 | D:2      | Reached XP level 5. HP: 24/24 MP: 11/11
  4583 | D:4      | Noticed Ijyb
  4590 | D:4      | Found an iron altar of Okawaru.
  4601 | D:4      | Killed Ijyb
  4614 | D:4      | Noticed a slave
  4615 | D:4      | Noticed a slave
  4625 | D:4      | Reached XP level 6. HP: 28/28 MP: 9/13
  4627 | D:4      | Noticed Pikel
  4627 | D:4      | Noticed a slave
  4641 | D:4      | Noticed a slave
  4680 | D:4      | Killed Pikel
  4680 | D:4      | Reached skill level 5 in Short Blades
  4680 | D:4      | Reached skill level 5 in Dodging
  4680 | D:4      | Reached skill level 6 in Stealth
  4680 | D:4      | Reached skill level 5 in Hexes
  4680 | D:4      | Reached XP level 7. HP: 23/32 MP: 1/15
  4868 | D:4      | Reached skill level 7 in Stealth
  4868 | D:4      | Reached skill level 5 in Spellcasting
  5663 | D:4      | Reached XP level 8. HP: 36/36 MP: 15/17
  5810 | D:4      | Noticed Robin
  5870 | D:4      | Killed Robin
  5983 | D:5      | Entered Level 5 of the Dungeon
  7408 | D:6      | Reached skill level 8 in Stealth
  7922 | D:6      | Found a staircase to the Ecumenical Temple.
  7939 | Temple   | Entered the Ecumenical Temple
  8233 | Temple   | Became a worshipper of Dithmenos the Shadowed
  8344 | D:6      | Reached skill level 1 in Ice Magic
  8378 | D:6      | Found Heimussi's Elemental Accessories.
  8392 | D:6      | Paralysed by a crimson imp for 4 turns
  8453 | D:6      | Reached XP level 9. HP: 39/39 MP: 2/19
  9136 | D:7      | Reached * piety under Dithmenos
  9261 | D:7      | Reached skill level 9 in Stealth
  9703 | D:7      | Noticed Prince Ribbit
  9726 | D:7      | Noticed Harold
  9740 | D:7      | Killed Prince Ribbit
  9897 | D:7      | Killed Harold
  9897 | D:7      | Reached skill level 1 in Fighting
 10219 | D:7      | Found a shimmering altar of Xom.
 10358 | D:7      | Noticed Duvessa
 10369 | D:7      | Noticed Dowan
 10372 | D:7      | Killed Duvessa
 10372 | D:7      | Reached XP level 10. HP: 46/46 MP: 16/22
 10377 | D:7      | Killed Dowan
 10487 | D:8      | Found a glowing silver altar of Zin.
 10487 | D:8      | Found a shattered altar of Ashenzari.
 10493 | D:8      | Found an ancient bone altar of Kikubaaqudgha.
 10495 | D:8      | Found a deep blue altar of Sif Muna.
 10497 | D:8      | Found a radiant altar of Vehumet.
 10532 | D:8      | Found Wupot's Armour Boutique.
 10533 | D:8      | Found Wud Goh's Armour Shop.
 10604 | D:8      | Reached skill level 10 in Stealth
 10632 | D:8      | Reached ** piety under Dithmenos
 10659 | D:8      | Found Duwi's Weapon Emporium.
 11235 | D:8      | Found Bicaif's Weapon Boutique.
 11262 | D:8      | Found Ipnogge's Food Shoppe.
 11270 | D:8      | Bought a ration for 70 gold pieces
 11270 | D:8      | Bought a ration for 70 gold pieces
 11270 | D:8      | Bought a ration for 70 gold pieces
 11270 | D:8      | Bought a ration for 70 gold pieces
 11359 | D:9      | Found a staircase to the Lair.
 11797 | D:9      | Noticed a centaur warrior
 11803 | D:9      | Killed a centaur warrior
 11893 | D:9      | Reached skill level 10 in Short Blades
 11984 | D:9      | Noticed Maurice
 11988 | D:9      | Killed Maurice
 11988 | D:9      | Reached skill level 11 in Stealth
 12011 | D:9      | Reached skill level 10 in Dodging
 12015 | D:9      | Reached *** piety under Dithmenos
 12017 | D:9      | Reached XP level 11. HP: 52/52 MP: 8/24
 12311 | D:10     | Entered Level 10 of the Dungeon
 12312 | D:10     | Found a bloodstained altar of Trog.
 12467 | D:10     | Found a runed gate.
 12468 | D:10     | Found a runed gate.
 12470 | D:10     | Noticed Amaterasu's ghost (journeyman DsFi)
 12472 | D:10     | Found a runed gate.
 12731 | D:10     | Got a warped garnet amulet
 13153 | D:10     | Identified the amulet of Qamomag {Spirit rF+} (You found it
                  | on level 10 of the Dungeon)
 13737 | D:10     | Found a roughly hewn altar of Beogh.
 14009 | D:11     | Noticed an unseen horror
 14036 | D:11     | Noticed an unseen horror
 14108 | Lair:1   | Entered Level 1 of the Lair of Beasts
 14240 | Lair:1   | Reached skill level 12 in Stealth
 14361 | Lair:1   | Noticed an eight-headed hydra
 14368 | Lair:1   | Killed an eight-headed hydra
 14368 | Lair:1   | Reached skill level 10 in Spellcasting
 14410 | Lair:1   | Reached skill level 10 in Hexes
 14539 | Lair:1   | Noticed Joseph
 14545 | Lair:1   | Killed Joseph
 14815 | Lair:2   | Noticed a death yak
 14815 | Lair:2   | Noticed a death yak
 14816 | Lair:2   | Noticed a death yak
 14816 | Lair:2   | Noticed a death yak
 14816 | Lair:2   | Noticed a death yak
 14859 | Lair:2   | Reached skill level 5 in Fighting
 14914 | Lair:2   | Found a hole to the Spider Nest.
 14998 | Lair:2   | Reached XP level 12. HP: 35/60 MP: 24/27
 15060 | Lair:2   | Found a dark tunnel.
 15087 | Lair:2   | Reached skill level 13 in Stealth
 15254 | Lair:2   | Noticed Erica
 15287 | Lair:2   | Killed Erica
 15618 | Lair:2   | Killed a death yak
 16070 | Lair:2   | Slain by a death yak

Skill      XL: |  1  2  3  4  5  6  7  8  9 10 11 12 |
---------------+-------------------------------------+-----
Spellcasting   | 3 4 5 6 7 8 10 | 10.8
Short Blades   | 2 3 4 5 6 7 9 10 | 10.0
Hexes          | 4 5 6 7 8 10 | 10.8
Stealth        | 5 6 7 8 9 11 12 13 | 13.4
Dodging        | 4 5 6 7 8 10 11 12 | 12.2
Ice Magic      | 1 |  1.0
Fighting       | 1 3 5 |  5.5

Action                   |  1- 3 |  4- 6 |  7- 9 | 10-12 || total
-------------------------+-------+-------+-------+-------++-------
Melee: Dagger            |   202 |   206 |   476 |   603 ||  1487
Throw: Stone             |       |       |     7 |       ||     7
 Cast: Corona            |     3 |       |     4 |       ||     7
       Confuse           |     7 |     1 |    22 |    10 ||    40
       Ensorcelled Hiber |     5 |    24 |    80 |   167 ||   276
Invok: Shadow Step       |       |       |       |     3 ||     3
Evoke: Wand              |       |       |       |     2 ||     2
  Use: Scroll            |       |       |     9 |     8 ||    17
       Potion            |       |       |     1 |       ||     1
 Stab: Distracted        |     1 |     1 |       |     7 ||     9
       Sleeping          |    14 |    19 |    52 |   106 ||   191
       Confused          |     4 |       |    10 |     7 ||    21
  Eat: Ration            |       |     2 |     6 |     3 ||    11
Armor: Robe              |    18 |    19 |    17 |    13 ||    67
Dodge: Dodged            |   145 |   174 |   327 |   420 ||  1066
